[Event "88th Tata Steel Masters 2026"]
[White "Aravindh,Chithambaram VR."]
[Black "Niemann,Hans Moke"]
[Site "Wijk aan Zee"]
[Round "4.2"]
[Annotator "TA"]
[Result "0-1"]
[Date "2026.01.20"]
[WhiteElo "2700"]
[BlackElo "2725"]
[PlyCount "110"]
[TimeControl "60"]

1. Nf3 Nf6 2. g3 c5 3. Bg2 Nc6 4. c4 d5 5. cxd5 Nxd5 6. Nc3 Nc7 7. O-O e5 8. a3 Rb8 {[%emt 0:0:0] 8...Rb8 is better than 8...f6. A34: Symmetrical English: 2 Nc3, lines with ...d5.} 9. d3 Be7 10. Nd2 Bd7 {[%emt 0:0:0] The position is equal.} 11. Nc4 f6 12. f4 b5 13. Ne3 O-O 14. f5 $146 ({Predecessor:} 14. Ned5 Nxd5 15. Nxd5 Bd6 16. a4 a6 17. axb5 axb5 18. Be3 Kh8 19. Rc1 Nd4 20. fxe5 fxe5 {0-1 Jumabayev,R (2606)-Volokitin,A (2639) Wch Rapid Berlin 2015 (9)} )Nd4 15. g4 Kh8 16. Bd2 Be8 {[%emt 0:4:20][%csl Yd4][%cal Yc5c4] Strong Square Black (d4)} 17. Ne4 Bf7 18. Bc3 (18. Rc1 $15 )b4 $17 19. axb4 cxb4 20. Bd2 Bb3 21. Qe1 Ncb5 22. Rc1 (22. Ra6 $1 $11 {keeps the balance.} )Bg8 23. Rd1 a5 24. Kh1 Nb3 {[%emt 0:3:31] Black is more active.} 25. Nc4 Nxd2 26. Rxd2 b3 27. Qg3 {[%emt 0:4:21] [#]} a4 $1 28. g5 a3 29. e3 (29. gxf6 {keeps fighting.} gxf6 30. Qg4 )fxg5 30. Nxe5 Rb6 {[%emt 0:1:11] Inhibits Nc6.} 31. bxa3 {[%emt 0:2:53][%csl Yb3] Black has a strong passed pawn} Nxa3 32. Rb2 Qe8 33. d4 Nc4 34. Rbb1 (34. Nxc4 $142 Bxc4 35. Rff2 )b2 $19 35. Rf2 Qc8 36. Rc2 $2 {[%emt 0:3:20] [#]} (36. Nd3 )Nxe5 37. Rxc8 Rxc8 38. Nc5 Bxc5 39. Be4 Nc4 40. dxc5 Rxc5 41. Qf2 {[%emt 0:20:40] Prevents Nd2. White is weak on the dark squares} Nd6 42. Bc2 Bd5+ 43. Kg1 Ne4 44. Qe2 (44. Qg2 $142 Nc3 45. Qxg5 Nxb1 46. Qd8+ Bg8 47. Bxb1 )Nc3 45. Qd3 Nxb1 46. f6 Rxc2 47. Qxd5 gxf6 48. Qd8+ Kg7 49. Qe7+ Kg6 50. Qe8+ Kf5 51. Qd7+ Ke4 52. Qd4+ Kf3 53. Qd1+ Kxe3 54. Qxc2 Nd2 55. Qc5+ Ke2 {[%emt 0:0:22] Weighted Error Value: White=0.71/Black=0.10 (very precise)   Mistake:       	White=6     	---        Inaccurate:     	White=4     	Black=2      OK:         	White=5     	Black=6      Best:        	White=3     	Black=1      Strong:       	---       	Black=1} 0-1

[Event "88th Tata Steel Masters 2026"]
[White "Abdusattorov,Nodirbek"]
[Black "Nguyen,Thai Dai Van"]
[Site "Wijk aan Zee"]
[Round "4.3"]
[Annotator "TA"]
[Result "1-0"]
[Date "2026.01.20"]
[WhiteElo "2751"]
[BlackElo "2656"]
[PlyCount "79"]
[TimeControl "60"]

1. e4 e5 2. Nf3 Nf6 3. Nxe5 d6 4. Nf3 Nxe4 5. d4 d5 6. Bd3 Be7 7. O-O O-O 8. Re1 Nc6 {[%emt 0:0:0] C42: Petroff Defence: 3 Nxe5 and unusual White 3rd moves.} 9. c4 Nf6 10. c5 $5 {[%emt 0:7:49][%mdl 4] Leaves trodden paths.} Bg4 {[%emt 0:2:51] The position is equal.} 11. Be3 Ne4 12. Be2 $146 ({Predecessor:} 12. Nc3 f5 13. Rc1 Bf6 14. Nxd5 Bxd4 15. Qb3 Kh8 16. Nxd4 Nxd4 17. Bxd4 c6 18. Qxb7 Nf6 19. Bxf6 gxf6 20. Qxc6 {1-0 Moreno Perez,N (1851)-Codina Blasco,J (1722) Barcelona Sant Marti op-B 19th 2017 (3)} )Bf6 13. h3 Bxf3 14. Bxf3 b6 15. Nd2 Re8 16. Nb3 a5 17. Rc1 {[%emt 0:4:12] [#]} b5 18. Na1 Ne7 19. Nc2 Nf5 20. Qd3 c6 21. Bf4 g6 22. Bxe4 dxe4 23. Rxe4 Qd5 24. Rce1 Rxe4 25. Qxe4 Qd7 26. Be5 Re8 27. Qf4 Bxe5 28. Rxe5 Rd8 29. Re4 h5 30. b3 Re8 31. Rxe8+ Qxe8 32. Ne3 Nxe3 33. fxe3 $16 {[%emt 0:1:38][%mdl 4096] Endgame KQ-KQ. White is a pawn up.} a4 34. e4 {[%emt 0:5:52] [#] And now d5 would win. White is more active.} Qe6 35. Qf3 a3 (35... Kf8 $16 )36. Kf2 (36. Kh2 $18 )Qe7 37. Qe3 Qh4+ (37... Qf6+ $16 38. Kg1 h4 )38. Ke2 $18 Qd8 (38... Qf6 $16 {was worth a try.} 39. e5 Qf5 )39. Kd3 Qd7 40. Kc3 {[%emt 0:0:0] Weighted Error Value: White=0.10 (very precise) /Black=0.24 (precise)   Loses game:     	---       	Black=1      Mistake:       	White=1     	Black=2      Inaccurate:     	White=4     	Black=4      OK:         	White=7     	Black=6      Best:        	---       	Black=1} 1-0

[Event "88th Tata Steel Masters 2026"]
[White "Gukesh D"]
[Black "Praggnanandhaa R"]
[Site "Wijk aan Zee"]
[Round "4.4"]
[Annotator "TA"]
[Result "1/2-1/2"]
[Date "2026.01.20"]
[WhiteElo "2754"]
[BlackElo "2758"]
[PlyCount "80"]
[TimeControl "60"]

1. e4 e6 2. d3 d5 3. Qe2 dxe4 4. dxe4 e5 5. Nf3 Nc6 6. c3 a5 {[%emt 0:0:0] C00: French: Unusual White 2nd moves.} 7. Qc2 Bc5 8. Be2 Nge7 9. O-O $146 ({Predecessor:} 9. Be3 Bxe3 10. fxe3 O-O 11. Nbd2 Kh8 12. Bc4 Qe8 13. O-O f5 14. exf5 Nxf5 15. Ng5 {1-0 Lobzhanidze,D (2485)-Kiesel,H (2185) Dresden ZMD op 2002 (7)} )Ng6 10. Na3 Bxa3 11. bxa3 h6 12. g3 O-O 13. Nd2 b6 14. a4 Qf6 15. Rd1 Ba6 16. Nc4 Rfd8 17. Ba3 Rxd1+ 18. Rxd1 Rd8 19. Ne3 Rxd1+ 20. Qxd1 Bxe2 21. Qxe2 Qd8 22. Qb5 Na7 23. Qd5 Qe8 24. Nf5 Nc8 25. h4 c5 26. c4 Nce7 {[%emt 0:5:58] The position is equal.} 27. Nxe7+ Qxe7 $11 {[%emt 0:1:41][%mdl 4096] Endgame KQB-KQN} 28. Bb2 (28. h5 $5 Nf8 $8 29. Bb2 $11 )h5 29. Qd1 Qe6 30. Qxh5 Qxc4 31. Qf5 Qxa2 32. h5 Qxb2 33. hxg6 {[%emt 0:0:35][%cal Rf5c8] [#] KQ-KQ. Black is a pawn up.} Qc1+ 34. Kg2 fxg6 35. Qxg6 c4 36. Qe6+ Kh7 37. Qf5+ (37. Qxb6 Qc2 38. Qxa5 Qxe4+ 39. Kf1 Qd4 )Kg8 38. Qe6+ Kh7 39. Qf5+ (39. Qxb6 Qc2 40. Qxa5 Qxe4+ 41. Kf1 Qd4 )Kg8 40. Qe6+ Kh7 {[%emt 0:0:0] An interesting draw.   Weighted Error Value: White=0.05 (flawless) /Black=0.04 (flawless)   Inaccurate:     	White=2     	Black=2      OK:         	White=9     	Black=7      Best:        	---       	Black=1} 1/2-1/2

[Event "88th Tata Steel Masters 2026"]
[White "Giri,Anish"]
[Black "Erigaisi Arjun"]
[Site "Wijk aan Zee"]
[Round "4.5"]
[Annotator "TA"]
[Result "1/2-1/2"]
[Date "2026.01.20"]
[WhiteElo "2760"]
[BlackElo "2775"]
[PlyCount "159"]
[TimeControl "60"]

1. d4 d5 2. c4 e6 3. Nc3 Be7 4. Nf3 Nf6 5. g3 Nbd7 6. Bg2 {[%emt 0:0:0] E01: Catalan: Early deviations.} dxc4 7. Nd2 Nb6 8. Nxc4 c5 9. Nxb6 axb6 10. dxc5 $146 ({Predecessor:} 10. e3 O-O 11. O-O Qd7 12. Qb3 cxd4 13. exd4 Qxd4 14. Be3 Qb4 15. Qxb4 Bxb4 16. Bxb6 Bxc3 17. bxc3 {½-½ Lauer,R (1363)-Birzer,L (1425) DESC E0324 email 1999} )Qxd1+ 11. Kxd1 Bxc5 12. e3 e5 13. Ke2 Ke7 14. Bd2 Rd8 15. Rhd1 Bg4+ 16. Bf3 h5 {[%emt 0:0:59] A sharp opening} 17. h4 Bb4 18. Bxg4 hxg4 19. Nb1 Bxd2 20. Nxd2 Rdc8 21. Rdb1 Ke6 22. a4 Rc2 23. Kd3 {[%emt 0:5:50] Repels Ne4} Rac8 24. e4 {[%emt 0:3:4] Against Nd5} R2c6 25. Ke3 Rd6 26. Rc1 Rcd8 27. Rc2 Rd3+ 28. Ke2 R3d4 29. Ke3 Rb4 30. b3 (30. Ra3 $142 )Rdd4 $17 31. Rc4 Rxb3+ 32. Nxb3 Rxc4 {[%emt 0:0:36][%mdl 4096] Endgame KRN-KRN. Black is a pawn up.} 33. Nd2 Rb4 34. a5 bxa5 35. Rxa5 g6 36. Ra8 {[%emt 0:1:4] Repels Ne8} b5 37. Ra6+ Ke7 38. Ra7+ Nd7 39. f3 gxf3 40. Nxf3 f6 41. g4 Kd6 42. Ra6+ Ke7 43. Ra7 Ra4 44. Rb7 Ra5 45. h5 g5 46. h6 Ra8 {[%emt 0:0:38] Against Rb8} 47. Ng1 Rh8 48. Ne2 Rxh6 49. Ng3 Rh2 50. Rxb5 Rc2 51. Rb3 (51. Nf5+ $11 Kd8 52. Ra5 )Nc5 52. Ra3 Rc4 53. Kf3 Ke6 54. Ra7 Rc3+ (54... Ra4 $17 55. Rxa4 Nxa4 )55. Kg2 Re3 56. Kf2 Rb3 57. Kg2 (57. Rc7 $11 Rc3 58. Ra7 )Rc3 ({Black should try} 57... Rb7 $17 58. Rxb7 Nxb7 )58. Rh7 Rc4 59. Kf3 Nb3 60. Ke2 {[%emt 0:3:46] Prevents Nd2} Ra4 61. Rb7 Ra2+ 62. Ke3 Ra3 63. Kf2 {[%emt 0:0:46] [#] Threatening mate with Nf5.} Nd2 64. Rb6+ Kf7 65. Rb7+ Ke8 66. Rb2 Rd3 67. Ra2 Kd7 68. Rc2 Ke8 (68... Rd4 $17 69. Ke3 Nb3 )69. Rc8+ (69. Ra2 $11 {keeps the balance.} )Ke7 70. Rc2 {[%emt 0:0:39] [#] Threatens to win with Nf5+.} (70. Nf5+ Kd7 71. Rf8 (71. Ke2 $2 Ra3 $19 )Nxe4+ 72. Kg2 Ke6 73. Re8+ Kd7 $17 )Kd7 71. Kg2 Nf3 72. Ra2 Nh4+ 73. Kh2 Rd6 74. Nh5 Nf3+ 75. Kg2 {[%emt 0:0:47] The position is equal.} Nd2 76. Nxf6+ Rxf6 77. Rxd2+ Ke6 78. Ra2 Rf4 79. Ra6+ Ke7 80. Kg3 {[%emt 0:0:14] Weighted Error Value: White=0.08 (flawless) /Black=0.08 (flawless)   Mistake:       	White=4     	Black=3      Inaccurate:     	White=2     	Black=6      OK:         	White=6     	Black=7} 1/2-1/2

[Event "88th Tata Steel Masters 2026"]
[White "Erdogmus,Yagiz Kaan"]
[Black "Keymer,Vincent"]
[Site "Wijk aan Zee"]
[Round "4.6"]
[Annotator "TA"]
[Result "1/2-1/2"]
[Date "2026.01.20"]
[WhiteElo "2658"]
[BlackElo "2776"]
[PlyCount "91"]
[TimeControl "60"]

1. e4 e5 2. Nf3 Nc6 3. Bb5 Nf6 4. O-O Nxe4 5. Re1 Nd6 6. Nxe5 Be7 7. Bf1 Nxe5 8. Rxe5 O-O 9. d4 Ne8 {[%emt 0:0:0] C67: Ruy Lopez: Berlin Defence: 4 0-0 Nxe4.} 10. d5 {[%emt 0:17:27] Black is weak on the light squares} Bc5 {[%emt 0:0:0] 10...d6 is vanishing.} 11. Re1 d6 12. Nc3 Bf5 13. Bd3 Qf6 14. Be3 Qg6 15. Bxf5 Qxf5 16. h3 Nf6 $146 ({Predecessor:} 16... h6 17. Bxc5 dxc5 18. Ne4 Nf6 19. Qd3 Nxd5 20. Nxc5 Qxd3 21. Nxd3 Rfd8 22. Kf1 Kf8 {½-½ Bozic,D (1816)-Nazrulla,S W-ch WS/O/1374 email 2021} )17. Bxc5 dxc5 18. Re7 Qf4 19. d6 Qxd6 20. Qxd6 cxd6 21. Rxb7 Rfb8 22. Rxb8+ Rxb8 $11 {[%emt 0:0:32][%mdl 4096] Endgame KRN-KRN} 23. b3 Kf8 24. Rd1 Ke7 25. g4 g5 26. f4 h6 27. Re1+ Kd7 28. fxg5 hxg5 {[%emt 0:0:32] The position is equal.} 29. Rf1 Ke6 30. Re1+ Kd7 31. Rf1 Ke6 32. Rf5 Rb4 33. Kf2 Rd4 34. Ke3 {[%emt 0:1:12] Wards off Rd2} Nd5+ $1 35. Nxd5 Rxd5 36. Rxd5 Kxd5 {[%emt 0:0:32] KP-KP} 37. c3 Kc6 38. a3 (38. Ke4 $5 d5+ $8 39. Kd3 $11 (39. Kf5 f6 $19 ))d5 39. Kd3 Kb5 40. Kc2 a5 (40... c4 $5 41. b4 $8 Ka4 $11 )41. Kd3 Kb6 42. Kd2 Kc6 43. Ke3 Kb5 44. Kd3 Kb6 45. Kd2 Kb5 46. Kd3 {Not much happened in this game.   Weighted Error Value: White=0.04 (flawless) /Black=0.03 (flawless)   OK:         	White=9     	Black=7      Best:        	White=1     	Black=2      Strong:       	---       	Black=1} 1/2-1/2

[Event "88th Tata Steel Masters 2026"]
[White "Bluebaum,Matthias"]
[Black "Sindarov,Javokhir"]
[Site "Wijk aan Zee"]
[Round "4.7"]
[Annotator "TA"]
[Result "0-1"]
[Date "2026.01.20"]
[WhiteElo "2679"]
[BlackElo "2726"]
[PlyCount "54"]
[TimeControl "60"]

1. d4 Nf6 2. c4 g6 3. Nc3 Bg7 4. e4 d6 5. Nf3 O-O 6. h3 a5 7. Be3 {[%emt 0:0:0] E90: King's Indian: Classical: Early deviations and 6 h3.} Na6 {[%emt 0:0:0][%cal Ye7e5] 7...a4 might become the main line.} 8. Bd3 e5 9. O-O $146 {[%emt 0:0:0] White is slightly better.} ({Predecessor:} 9. d5 Nh5 10. O-O Nf4 11. Kh2 Nxd3 12. Qxd3 f5 13. b3 f4 14. Bd2 g5 15. Ng1 {0-1 Bryakin,M (2428)-Naroditsky,D (2610) Titled Tuesday intern op 2nd July blitz 2019 (10)} )exd4 10. Nxd4 Nc5 11. Bc2 Re8 12. f3 c6 13. Qd2 a4 14. Rad1 Qa5 15. Bf4 (15. Nde2 $14 )Ne6 $11 16. Be3 (16. Nxa4 $2 Qxd2 17. Rxd2 Nxf4 $19 )(16. Bxd6 $6 Nxd4 (16... Nxe4 17. fxe4 Bxd4+ 18. Kh1 $11 )17. e5 (17. Qxd4 $2 Nxe4 18. Nxe4 Bxd4+ $19 )Nd7 (17... Nxc2 18. exf6 Bxf6 19. Qxc2 $15 )18. Qxd4 Nxe5 $17 )Nh5 (16... Nc5 $11 )17. Nxa4 ({Better is} 17. Nde2 $16 )Nxd4 {[%emt 0:4:46] Black sacrificed a pawn} 18. Bxd4 Bxd4+ 19. Qxd4 Qg5 20. Rd2 (20. Qxd6 $2 Bxh3 (20... Nf4 21. g4 $11 )21. Qh2 Nf4 $17 )Nf4 21. Kh1 $1 (21. Qxd6 $2 Bxh3 (21... Nxh3+ 22. Kh2 $11 )22. Rff2 Be6 $19 )Qh6 22. Qxd6 Bxh3 23. gxh3 Re6 24. Qc5 $2 {[%emt 0:5:30] [#]} (24. Qd7 $11 {and White has nothing to worry.} Qxh3+ (24... Nxh3 $2 {perishes.} 25. Rh2 $18 )25. Kg1 Qg3+ 26. Kh1 Qh3+ )Nd3 $19 25. Rxd3 (25. Bxd3 Qxd2 26. Qd4 (26. Qa3 $2 Rd8 $19 ))Qxh3+ 26. Kg1 Qg3+ 27. Kh1 g5 {[%emt 0:1:22] Weighted Error Value: White=0.70/Black=0.10 (very precise)   Loses game:     	White=1     	---        Mistake:       	White=3     	Black=1      OK:         	White=6     	Black=5      Strong:       	White=1     	---} 0-1

[Event "88th Tata Steel Masters 2026"]
[White "Sindarov,Javokhir"]
[Black "Erdogmus,Yagiz Kaan"]
[Site "Wijk aan Zee"]
[Round "5.1"]
[Annotator "TA"]
[Result "1-0"]
[Date "2026.01.21"]
[WhiteElo "2726"]
[BlackElo "2658"]
[PlyCount "147"]
[TimeControl "60"]

1. e4 e5 2. Bc4 Nf6 3. d3 c6 4. Nf3 d5 5. Bb3 Bb4+ 6. Bd2 Bxd2+ 7. Nbxd2 Nbd7 {[%emt 0:0:0] C24: Bishop's Opening: 2...Nf6.} 8. O-O O-O 9. Re1 Re8 {[%emt 0:0:0] The position is equal.} 10. d4 exd4 11. exd5 Rxe1+ 12. Qxe1 Nxd5 13. Bxd5 cxd5 14. Nxd4 Nf6 15. Nf1 $146 {[%emt 0:11:10] Excellent horsemanship.} ({Predecessor:} 15. N2b3 Bd7 16. Qb4 a5 17. Qxb7 a4 18. Nc5 Rb8 19. Qa7 Ra8 20. Qb7 Rb8 21. Qa6 Rxb2 {1-0 Mirzoev,E (2474)-Schneider,I (2479) EU-ch Rapid Katowice 2021 (7)} )Qb6 16. Nb3 a5 17. Qe3 Qb5 18. Qd4 a4 19. Nbd2 Be6 20. a3 Rc8 21. Ne3 h5 22. h3 Ne4 23. Rd1 (23. Nf3 $16 )Nd6 $14 24. Qe5 {[%emt 0:4:14][%csl Yd6,Yh5] Against Nf5} Qb6 25. Nf3 (25. Qxh5 d4 26. Nd5 Qc5 $15 (26... Bxd5 27. Qxd5 Qxb2 28. Nf3 $14 ))Nc4 26. Nxc4 (26. Qxh5 Nxe3 (26... Qxb2 27. Nxd5 Bxd5 28. Qxd5 $14 )27. fxe3 Qxe3+ 28. Kh1 g6 $15 (28... Rxc2 29. Ng5 $15 ))Rxc4 27. c3 Qxb2 28. Ng5 Qb6 29. Rxd5 Rc8 30. Rd4 $40 {[%emt 0:10:7][%mdl 128] Black needs to defend precisely.} Qb1+ 31. Kh2 Qf5 32. Qe3 Bd5 $2 {[%emt 0:3:16][%mdl 8192] [#]} (32... Qf6 $14 )33. g4 $18 (33. Rxa4 Bc6 (33... f6 34. Nf3 $11 )34. Rd4 Re8 $14 )hxg4 34. hxg4 Qd7 35. Qd3 Qc7+ 36. Kg1 Be6 37. c4 (37. Rxa4 Bc4 38. Qh7+ Kf8 $11 )Kf8 38. Nxe6+ fxe6 {[%emt 0:0:31][%mdl 4096] Endgame KQR-KQR} 39. Rd7 (39. Qh7 $18 )Qf4 $16 40. Qg6 (40. Rxb7 Qxg4+ 41. Kh1 Kg8 $11 (41... Rxc4 42. Qd8# )(41... Qxc4 42. Qf3+ ))Qf6 41. Qh7 {[%emt 0:20:56][%cal Rh7h8] [#]} Qh6 42. Qe4 Kg8 43. Kg2 (43. Qxb7 $6 Rf8 $11 )b6 (43... Rf8 $142 )44. Rd6 Rf8 45. Rxb6 {[%emt 0:3:45] Active counter play!} ({Much less strong is} 45. Rxe6 Qd2 46. Qe3 (46. Rxb6 $2 {too greedy.} Qxf2+ 47. Kh1 Qxb6 $19 )Qxe3 47. fxe3 (47. Rxe3 Rf4 $11 )Rc8 $14 )Rf4 46. Qe2 (46. Qxe6+ Qxe6 47. Rxe6 Rxg4+ 48. Kf3 Rxc4 $11 )Rd4 47. c5 (47. Qxe6+ Qxe6 48. Rxe6 Rxg4+ 49. Kf3 Rxc4 $11 )Qg5 (47... Kf7 $16 48. Rd6 Qf6 )48. Qxe6+ $18 ({Worse is} 48. Rxe6 Rxg4+ )Kh7 49. f3 Qd2+ 50. Kh3 Qf4 51. Qg6+ Kg8 52. Qe8+ Kh7 53. Qh5+ Kg8 54. Qf5 Qxf5 55. gxf5 $16 {[%emt 0:0:4] KR-KR. White is two pawns up.} Rc4 56. c6 Kf7 57. Ra6 Kf6 58. Ra5 Rxc6 59. Kg4 (59. Rxa4 $14 Kxf5 60. Kg3 )Rc4+ $11 60. f4 Rd4 61. Ra6+ Kf7 62. Kg5 Rd1 $2 (62... Ke7 $11 )63. Ra7+ $18 (63. Rxa4 Rg1+ 64. Kh4 Kf6 $16 )Kf8 64. Rxa4 Rg1+ 65. Kh5 Kf7 66. Ra6 Rg2 67. a4 Rg3 $2 (67... Rh2+ 68. Kg4 Rg2+ 69. Kf3 Rh2 )68. a5 Ra3 $2 (68... Rf3 69. Rb6 Rf1 )69. Ra8 Kf6 70. Kg4 Kf7 71. a6 Kf6 72. a7 Kf7 {[%emt 0:0:0] Prevents Rf8+} 73. f6 gxf6 74. Rh8 {[%emt 0:0:6] Weighted Error Value: White=0.12 (very precise) /Black=0.14 (very precise)   Loses game:     	---       	Black=2      Mistake:       	White=3     	Black=4      Inaccurate:     	White=3     	Black=3      OK:         	White=8     	Black=5      Best:        	White=1     	---} 1-0

[Event "88th Tata Steel Masters 2026"]
[White "Keymer,Vincent"]
[Black "Aravindh,Chithambaram VR."]
[Site "Wijk aan Zee"]
[Round "5.2"]
[Annotator "TA"]
[Result "1-0"]
[Date "2026.01.21"]
[WhiteElo "2776"]
[BlackElo "2700"]
[PlyCount "71"]
[TimeControl "60"]

1. Nf3 Nf6 2. c4 e6 3. Nc3 d5 4. d4 Nbd7 5. cxd5 exd5 6. Bf4 Bb4 7. e3 Ne4 {[%emt 0:0:0] D35: Queen's Gambit Declined: Exchange Variation.} 8. Qc2 g5 9. Be5 O-O {[%emt 0:0:0] The position is equal.} 10. Bd3 g4 $146 ({Predecessor:} 10... Nxe5 11. Nxe5 f6 12. Bxe4 Bxc3+ 13. bxc3 dxe4 14. Nc4 Be6 15. Nd2 f5 16. c4 c6 {1-0 Petrosyan,M (2541)-Harsh,S (2392) New Delhi op 21st 2025 (6)} )11. Bxe4 dxe4 12. Qxe4 f5 {[%emt 0:0:0] Black sacrificed a pawn} 13. Qd5+ Rf7 14. Nd2 c6 15. Qc4 Nxe5 16. dxe5 a5 17. Rd1 b5 (17... Qe7 $14 )18. Qf4 (18. Qxc6 $16 Bd7 19. Qd5 )Qe7 $14 19. Ne2 Bd7 20. a3 Bc5 21. Qg3 Re8 22. f4 h5 {[%emt 0:13:51] [#] Loses the game.} (22... Rg7 $14 )23. Nf3 $1 $18 Rg7 24. Ng5 h4 25. Qxh4 {[%emt 0:1:13] and Kf2 would now be decisive} Bxe3 26. Qg3 Rxg5 27. Qxe3 (27. fxg5 f4 28. Qh4 (28. Nxf4 Qxe5 29. Ne2 Qe4 $17 )Bf5 $17 )Rh5 28. Kf2 Be6 29. h3 gxh3 30. Rd6 ({Don't take} 30. gxh3 Qh4+ 31. Qg3+ Qxg3+ 32. Nxg3 Rh4 $16 )Rd8 $2 {[%emt 0:2:7] [#]} (30... Qh4+ 31. Qg3+ (31. g3 Qg4 $16 )Qxg3+ 32. Kxg3 Kg7 33. Rxh3 (33. gxh3 $2 Bd5 $18 )Rxh3+ 34. Kxh3 c5 )31. Nd4 Bd5 32. Qg3+ Kf8 33. Rf6+ Ke8 34. Rxh3 Rxh3 (34... Qc5 $142 35. Rxh5 (35. Qg6+ Kd7 $14 )Qxd4+ 36. Qe3 Qxb2+ 37. Qe2 Qxe2+ 38. Kxe2 Kd7 39. Rd6+ (39. Rhxf5 $2 Bxg2 40. Rf7+ Ke6 $18 )Kc8 40. Rxd8+ Kxd8 41. Rxf5 Bxg2 42. Rf8+ Ke7 )35. Qxh3 Qc5 (35... Kd7 $142 36. Rd6+ Kc8 37. Nxf5 Qc7 38. Ne7+ Kb7 39. Nxd5 cxd5 40. Rxd8 Qxd8 41. Qh7+ Kc6 42. Qg6+ Kc5 )36. Kg3 {[%emt 0:2:31] Weighted Error Value: White=0.21 (precise) /Black=0.73   Missed win:     	White=1     	---        Mistake:       	White=1     	Black=5      Inaccurate:     	White=3     	Black=1      OK:         	White=1     	Black=2      Best:        	---       	Black=1      Strong:       	White=1     	---} 1-0

[Event "88th Tata Steel Masters 2026"]
[White "Praggnanandhaa R"]
[Black "Giri,Anish"]
[Site "Wijk aan Zee"]
[Round "5.3"]
[Annotator "TA"]
[Result "1/2-1/2"]
[Date "2026.01.21"]
[WhiteElo "2758"]
[BlackElo "2760"]
[PlyCount "74"]
[TimeControl "60"]

1. e4 c5 2. Nf3 d6 3. d4 cxd4 4. Nxd4 Nf6 5. Nc3 a6 6. Bc4 e6 7. Bb3 b5 8. a3 Be7 9. Qf3 $1 {[%emt 0:0:0][%mdl 4] is now more promising than 9.0-0. B87: Sicilian Scheveningen/Najdorf: 6 Bc4, with early ...b5.} Qc7 10. Qg3 Nc6 11. Nxc6 {[%emt 0:0:0] The position is equal.} (11. Qxg7 $2 Rg8 $19 )Qxc6 12. O-O Nh5 $146 ({Predecessor:} 12... O-O 13. Bh6 Ne8 14. Nd5 Bd8 15. Bg5 Bxg5 16. Qxg5 Qc5 17. Ne7+ Kh8 18. Qxc5 dxc5 19. Nxc8 Rxc8 {0-1 Simoes,M (2044)-Santos,T (1487) Queima das Fitas op 2022 (4)} )13. Qd3 Nf6 {[%emt 0:1:27] Dodges Nd5} 14. f4 O-O 15. f5 Rb8 16. Kh1 exf5 17. Bg5 Re8 18. Rae1 h6 19. Bxf6 Bxf6 20. exf5 Bb7 {[%emt 0:8:2][%csl Gb7][%cal Rc6g2] [#]} 21. Bd5 {[%emt 0:7:8] Active counter play!} Qc7 22. Bxb7 Rxe1 23. Rxe1 {[%emt 0:0:36] Bd5 would now be deadly.} Bxc3 $40 {[%emt 0:0:42][%mdl 128] Black has some attack.} 24. bxc3 Qxb7 $11 {[%emt 0:0:51][%mdl 4096] Endgame KQR-KQR} 25. f6 Qc6 26. Qg3 {[%emt 0:2:57][%csl Gf6][%cal Rg3g7] [#]} g6 27. Re7 Rc8 28. Qe3 Qc4 29. Kg1 {[%emt 0:4:45] Dodges Qf1+} Qc5 30. h4 h5 31. Qd4 (31. Qxc5 $15 Rxc5 32. Re8+ Kh7 33. Ra8 )Qxd4+ (31... Qxa3 $19 32. Qd2 Qc5+ (32... Qxc3 $2 33. Re8+ Rxe8 34. Qxc3 $18 )33. Kh1 Qc4 (33... Qxc3 $2 34. Re8+ Rxe8 35. Qxc3 $18 )34. Qxd6 Qxc3 (34... Qxh4+ 35. Kg1 $11 )35. Qxa6 Qc4 (35... Qxc2 36. Qxb5 Qc1+ 37. Kh2 $15 ))32. cxd4 $19 {[%emt 0:0:31] KR-KR} d5 (32... Rxc2 $15 {feels stronger.} 33. Rd7 Ra2 )33. Rd7 $11 Rxc2 34. Rd8+ Kh7 35. Rd7 Kg8 36. Rd8+ Kh7 37. Rd7 $1 Kg8 {[%emt 0:0:57] Weighted Error Value: White=0.11 (very precise) /Black=0.13 (very precise)   Mistake:       	White=1     	Black=3      Inaccurate:     	White=4     	Black=1      OK:         	White=4     	Black=6      Strong:       	White=1     	---} ({Black should try} 37... Ra2 $17 38. Rxd5 (38. Rxf7+ Kg8 $17 )Rxa3 )1/2-1/2